Unix NetHack Version 3.7.0-97 Work-in-progress - last build Jan 28 2024 15:41:29 (157cf090cb53e479d994ec1a4552202481ff9585,branch:master). Game began 2024-01-29 15:57:14, ended 2024-01-29 16:09:00. youngster, lawful female human Knight -.| ..| ..-- ...)@.--------. ...).u..`<..... ....).--------- .......-- -.......--- --.|.....| -----...| --- Youngster the Gallant St:15 Dx:9 Co:12 In:8 Wi:15 Ch:17 Lawful Dlvl:4 $:19 HP:0(16) Pw:5(5) AC:-2 Xp:1/12 T:1173 Burdened Latest messages: You finally wriggle free. You swap places with GRAPEFRUIT. You swap places with GRAPEFRUIT. What do you want to drop? [$abghjl-oqs-uw-yABGHS or ?*] You drop a figurine of a cobra. Your movements are only slowed slightly by your load. You fall down the stairs. The gnome lord misses! You hit the gnome lord. The gnome lord hits! What do you want to write with? [- abmux or ?*] You write in the dust with your fingertip. The gnome lord turns to flee. Something is written here in the dust. You read: "Elbereth". You see no objects here. You climb up the stairs. There is a staircase down to level 4 here. You see here a figurine of a cobra. You fall down the stairs. GRAPEFRUIT hits it. GRAPEFRUIT bites it. Something is written here in the dust. You read: "Elbc?e?h". You have a little trouble lifting z - an orange gem. You miss the gnome lord. The gnome lord just misses! The gnome lord misses! You hit the gnome lord. The gnome lord misses! You stop. GRAPEFRUIT is in the way! You hear some noises. You have a little trouble lifting C - a scroll labeled THARR. D - a blue gem. A dagger misses you. GRAPEFRUIT hits it. GRAPEFRUIT misses it. It hits GRAPEFRUIT. GRAPEFRUIT hits the gnome lord. The gnome lord is killed! A dagger misses you. You hear some noises. GRAPEFRUIT misses it. GRAPEFRUIT bites it. # In what direction? You slip while trying to get on GRAPEFRUIT. You swap places with GRAPEFRUIT. You are hit by a dagger. You die... Inventory: Coins ('$') $ - 19 gold pieces Weapons (')') a - an uncursed +1 long sword (weapon in right hand) b - an uncursed +1 lance (alternate weapon; not wielded) Armor ('[') H - an uncursed +0 helmet (being worn) G - an uncursed +0 pair of leather gloves (being worn) S - an uncursed +0 pair of iron shoes (being worn) B - an uncursed +0 small shield (being worn) A - an uncursed +0 crystal plate mail (being worn) Comestibles ('%') g - 12 uncursed apples q - 2 cursed apples h - 10 uncursed carrots n - 3 uncursed food rations j - an uncursed tripe ration Scrolls ('?') C - a blessed scroll of earth o - an uncursed scroll of enchant armor l - a cursed scroll of magic mapping s - an uncursed scroll of teleportation Potions ('!') t - a cursed potion of full healing Rings ('=') m - an uncursed ring of sustain ability Tools ('(') w - an uncursed +0 pick-axe Gems/Stones ('*') D - an uncursed sapphire x - an uncursed worthless piece of black glass z - an uncursed worthless piece of orange glass u - an uncursed touchstone Youngster the Knight's attributes: Background: You were a Gallant, a level 1 female human Knight. You were lawful, nominally on a mission for Lugh who was opposed by Brigit (neutral) and Manannan Mac Lir (chaotic). You were right-handed. You were in the Gnomish Mines, on level 4. You entered the dungeon 1173 turns ago. You had 12 experience points, 8 more were needed to attain level 2. Basics: You had 0 out of 16 hit points. You had all 5 energy points (spell power). Your armor class was -2. Your wallet contained 19 zorkmids. Autopickup was on for '$?!"=/*' plus thrown, with exceptions. Final Characteristics: Your strength was 15 (limit:18/100). Your dexterity was 9 (limit:18). Your constitution was 12 (limit:18). Your intelligence was 8 (limit:18). Your wisdom was 15 (limit:18). Your charisma was 17 (limit:18). Final Status: You weren't hungry. You were burdened; movement was slightly slowed. You were wielding a long sword. You had basic skill with long sword. Final Attributes: You were fervently aligned. You could jump. You were guarded. You are dead. Miscellaneous: You never encountered a bones level. Total elapsed playing time was 11 minutes and 45 seconds. Major events: Turn 1: youngster the lawful female human Knight entered the dungeon 609: entered the Gnomish Mines 1173: killed by a dagger Vanquished creatures: a gnome leader a dwarf an acid blob a coyote 7 gnomes a gecko 2 jackals a goblin 2 sewer rats 4 grid bugs 4 lichens 4 kobold zombies a newt 30 creatures vanquished. No species were genocided or became extinct. Voluntary challenges: You were an atheist. You read items or engraved 1 time. You engraved Elbereth 1 time. You never genocided any monsters. You never polymorphed an object. You never changed form. You used no wishes. Achievement: You entered the Gnomish Mines. The Dungeons of Doom: levels 1 to 3 Level 1: A fountain. Level 2: Stairs down to The Gnomish Mines. Level 3: The Gnomish Mines: levels 3 to 4 Level 3: Level 4: <- You were here. Final resting place for you, killed by a dagger. Game over: ---------- / \ / REST \ / IN \ / PEACE \ / \ | youngster | | 19 Au | | killed by a | | dagger | | | | | | 2024 | *| * * * | * _________)/\\_//(\/(/\)/\//\/|_)_______ Fare thee well youngster the Knight... You died in The Gnomish Mines on dungeon level 4 with 216 points, and 19 pieces of gold, after 1173 moves. You were level 1 with a maximum of 16 hit points when you died.